| TOP OF THE 1ST |
|
Roswell Invaders batting - Pitching for Houston Colt .45's : RHP Kuaika Anakala
|
|
Pitching: RHP Kuaika Anakala
|
|
|
Batting: LHB Marshall Rives
|
0-0: Foul Ball, location: 2F 0-1: Ball 1-1: Called Strike 1-2: Strikes out looking
|
|
Batting: RHB T.J. House
|
0-0: Called Strike 0-1: Ball 1-1: Called Strike 1-2: Ball 2-2: SINGLE (Line Drive, 9S, EV 106.9 MPH)
|
|
Batting: RHB Juan Mejia
|
0-0: Ball 1-0: Fly out, F5 (Line Drive, 56, EV 67.5 MPH)
|
|
Batting: LHB Nick Walker
|
0-0: Ball 1-0: Fly out, F8 (Flyball, 8LXD, EV 106.2 MPH)
|
| Top of the 1st over - 0 runs, 1 hit, 0 errors, 1 left on base; Roswell 0 - Houston 0 |
| BOTTOM OF THE 1ST |
|
Houston Colt .45's batting - Pitching for Roswell Invaders : RHP Andy Darnell
|
|
Pitching: RHP Andy Darnell
|
|
|
Batting: LHB Gong Tow
|
0-0: Called Strike 0-1: Ball 1-1: Ball 2-1: Ball 3-1: Foul Ball, location: 2F 3-2: SOLO HOME RUN (Flyball, 89XD, EV 111.2 MPH), Distance : 420 ft
|
|
Batting: LHB Vecdi Hodensack
|
0-0: Foul Ball, location: 2F 0-1: Foul Ball, location: 2F 0-2: Ball 1-2: Ball 2-2: Ball 3-2: Strikes out looking
|
|
Batting: RHB Ralph Baltimore
|
0-0: Ball 1-0: Ball 2-0: Ball 3-0: Called Strike 3-1: Called Strike 3-2: Base on Balls
|
|
Batting: RHB Devon Healy
|
0-0: Called Strike 0-1: Ball 1-1: Ball 2-1: Foul Ball, location: 2F 2-2: Strikes out swinging
|
|
Batting: RHB Doug Dark
|
0-0: Ball 1-0: Called Strike 1-1: Swinging Strike 1-2: Strikes out swinging
|
| Bottom of the 1st over - 1 run, 1 hit, 0 errors, 1 left on base; Roswell 0 - Houston 1 |
| TOP OF THE 2ND |
|
Roswell Invaders batting - Pitching for Houston Colt .45's : RHP Kuaika Anakala
|
|
Batting: RHB Cullen Kelley
|
0-0: Ground out 1-3 (Groundball, 25, EV 74.4 MPH)
|
|
Batting: LHB Andy Fischer
|
0-0: Fly out, F5 (Popup, 6S, EV 78.8 MPH)
|
|
Batting: RHB Dan Long
|
0-0: Ball 1-0: Ball 2-0: Foul Ball, location: 2F 2-1: Called Strike 2-2: Ground out 4-3 (Groundball, 4S, EV 66.2 MPH)
|
| Top of the 2nd over - 0 runs, 0 hits, 0 errors, 0 left on base; Roswell 0 - Houston 1 |
| BOTTOM OF THE 2ND |
|
Houston Colt .45's batting - Pitching for Roswell Invaders : RHP Andy Darnell
|
|
Batting: RHB David Snyder
|
0-0: Ball 1-0: Ball 2-0: SINGLE (Flyball, 6MD, EV 94.4 MPH)
|
|
Batting: LHB Casper Significant
|
0-0: Called Strike 0-1: Called Strike 0-2: Ball 1-2: Ball 2-2: Strikes out swinging
|
|
Batting: RHB Jay Hussey
|
0-0: Called Strike 0-1: Called Strike 0-2: Strikes out swinging
|
|
Batting: RHB Chris Jordan
|
0-0: Ball 1-0: Called Strike 1-1: Ball 2-1: Ball 3-1: Base on Balls David Snyder to second
|
|
Batting: LHB Gong Tow
|
0-0: Ground out 5-3 (Groundball, 56S, EV 69.4 MPH)
|
| Bottom of the 2nd over - 0 runs, 1 hit, 0 errors, 2 left on base; Roswell 0 - Houston 1 |
| TOP OF THE 3RD |
|
Roswell Invaders batting - Pitching for Houston Colt .45's : RHP Kuaika Anakala
|
|
Batting: SHB Sandy Burke
|
0-0: Foul Ball, location: 2F 0-1: Ground out U3 (Groundball, 3S, EV 67.5 MPH)
|
|
Batting: RHB Shinichi Miyamoto
|
0-0: Ball 1-0: Fly out, F6 (Popup, 56, EV 76.9 MPH)
|
|
Batting: LHB Marshall Rives
|
0-0: Ball 1-0: Foul Ball, location: 2F 1-1: Ball 2-1: Swinging Strike 2-2: Ball 3-2: Strikes out swinging
|
| Top of the 3rd over - 0 runs, 0 hits, 0 errors, 0 left on base; Roswell 0 - Houston 1 |
| BOTTOM OF THE 3RD |
|
Houston Colt .45's batting - Pitching for Roswell Invaders : RHP Andy Darnell
|
|
Batting: LHB Vecdi Hodensack
|
0-0: Ball 1-0: Called Strike 1-1: Ball 2-1: Fly out, F6 (Line Drive, 6MD, EV 71.2 MPH)
|
|
Batting: RHB Ralph Baltimore
|
0-0: Called Strike 0-1: Ball 1-1: Foul Ball, location: 2F 1-2: Ground out 3-1 (Groundball, 13, EV 88.1 MPH)
|
|
Batting: RHB Devon Healy
|
0-0: Fly out, F8 (Line Drive, 89M, EV 97.5 MPH)
|
| Bottom of the 3rd over - 0 runs, 0 hits, 0 errors, 0 left on base; Roswell 0 - Houston 1 |
| TOP OF THE 4TH |
|
Roswell Invaders batting - Pitching for Houston Colt .45's : RHP Kuaika Anakala
|
|
Batting: RHB T.J. House
|
0-0: Fly out, F9 (Flyball, 9LSF, EV 88.8 MPH)
|
|
Batting: RHB Juan Mejia
|
0-0: Ball 1-0: Ball 2-0: Called Strike 2-1: Foul Ball, location: 2F 2-2: Ball 3-2: Base on Balls
|
|
Batting: LHB Nick Walker
|
0-0: DOUBLE (Flyball, 89D, EV 103.8 MPH) Juan Mejia to third
|
|
Batting: RHB Cullen Kelley
|
0-0: Called Strike 0-1: Swinging Strike 0-2: Foul Ball, location: 2F 0-2: Ball 1-2: Ground out 5-3 (Groundball, 56, EV 94.4 MPH) Juan Mejia scores
|
|
Batting: LHB Andy Fischer
|
0-0: Ball 1-0: SINGLE (Groundball, 34D, EV 98.8 MPH) Nick Walker to third Runner from 3rd tries for Home, throw by RF and OUT! 9-2
|
| Top of the 4th over - 1 run, 2 hits, 0 errors, 1 left on base; Roswell 1 - Houston 1 |
| BOTTOM OF THE 4TH |
|
Houston Colt .45's batting - Pitching for Roswell Invaders : RHP Andy Darnell
|
|
Batting: RHB Doug Dark
|
0-0: Called Strike 0-1: Ball 1-1: Swinging Strike 1-2: Strikes out swinging
|
|
Batting: RHB David Snyder
|
0-0: Ball 1-0: Called Strike 1-1: Fly out, F8 (Line Drive, 8RM, EV 87.5 MPH)
|
|
Batting: LHB Casper Significant
|
0-0: Foul Ball, location: 2F 0-1: Fly out, F7 (Line Drive, 78M, EV 93.8 MPH)
|
| Bottom of the 4th over - 0 runs, 0 hits, 0 errors, 0 left on base; Roswell 1 - Houston 1 |
| TOP OF THE 5TH |
|
Roswell Invaders batting - Pitching for Houston Colt .45's : RHP Kuaika Anakala
|
|
Batting: RHB Dan Long
|
0-0: Ball 1-0: Swinging Strike 1-1: Foul Ball, location: 2F 1-2: Foul Ball, location: 2F 1-2: Fly out, F9 (Line Drive, 89M, EV 95.6 MPH)
|
|
Batting: SHB Sandy Burke
|
0-0: Called Strike 0-1: Ball 1-1: Swinging Strike 1-2: Hit by Pitch
|
|
Batting: RHB Shinichi Miyamoto
|
0-0: Ball 1-0: Ball 2-0: DOUBLE (Flyball, 78D, EV 106.9 MPH) Sandy Burke to third
|
|
Batting: LHB Marshall Rives
|
0-0: Ball 1-0: Ball 2-0: Ball 3-0: Called Strike 3-1: Called Strike 3-2: Strikes out swinging
|
|
Batting: RHB T.J. House
|
0-0: Foul Ball, location: 2F 0-1: Ball 1-1: Ground out 6-3 (Groundball, 6, EV 85.6 MPH)
|
| Top of the 5th over - 0 runs, 1 hit, 0 errors, 2 left on base; Roswell 1 - Houston 1 |
| BOTTOM OF THE 5TH |
|
Houston Colt .45's batting - Pitching for Roswell Invaders : RHP Andy Darnell
|
|
Batting: RHB Jay Hussey
|
0-0: Foul Ball, location: 2F 0-1: Foul Ball, location: 2F 0-2: Strikes out swinging
|
|
Batting: RHB Chris Jordan
|
0-0: Called Strike 0-1: Ball 1-1: Foul Ball, location: 2F 1-2: Ball 2-2: Ball 3-2: Foul Ball, location: 2F 3-2: Foul Ball, location: 2F 3-2: Foul Ball, location: 2F 3-2: Strikes out looking
|
|
Batting: LHB Gong Tow
|
0-0: Ball 1-0: Ball 2-0: Ball 3-0: Called Strike 3-1: Swinging Strike 3-2: Foul Ball, location: 2F 3-2: Ground out 6-3 (Groundball, 6, EV 87.5 MPH)
|
| Bottom of the 5th over - 0 runs, 0 hits, 0 errors, 0 left on base; Roswell 1 - Houston 1 |
| TOP OF THE 6TH |
|
Roswell Invaders batting - Pitching for Houston Colt .45's : RHP Kuaika Anakala
|
|
Batting: RHB Juan Mejia
|
0-0: Called Strike 0-1: Called Strike 0-2: Foul Ball, location: 2F 0-2: Strikes out swinging
|
|
Batting: LHB Nick Walker
|
0-0: Ball 1-0: Ball 2-0: Foul Ball, location: 2F 2-1: Swinging Strike 2-2: Strikes out swinging, 2-3 out at first.
|
|
Batting: RHB Cullen Kelley
|
0-0: Called Strike 0-1: Ball 1-1: Swinging Strike 1-2: Strikes out looking
|
| Top of the 6th over - 0 runs, 0 hits, 0 errors, 0 left on base; Roswell 1 - Houston 1 |
| BOTTOM OF THE 6TH |
|
Houston Colt .45's batting - Pitching for Roswell Invaders : RHP Andy Darnell
|
|
Batting: LHB Vecdi Hodensack
|
0-0: Foul Ball, location: 2F 0-1: Ground out 4-3 (Groundball, 4, EV 83.8 MPH)
|
|
Batting: RHB Ralph Baltimore
|
0-0: SINGLE (Groundball, 6MD, EV 95.6 MPH)
|
|
Batting: RHB Devon Healy
|
0-0: Ball 1-0: Swinging Strike 1-1: Ball 2-1: Foul Ball, location: 2F 2-2: Strikes out looking
|
|
Batting: RHB Doug Dark
|
0-0: Called Strike 0-1: Ball 1-1: Ball 2-1: Ball 3-1: Base on Balls Ralph Baltimore to second
|
|
Batting: RHB David Snyder
|
0-0: Ball 1-0: SINGLE (Groundball, 56D, EV 110.6 MPH) Ralph Baltimore to third Doug Dark to second
|
|
Batting: LHB Casper Significant
|
0-0: Ball 1-0: Foul Ball, location: 2F 1-1: Called Strike 1-2: Strikes out swinging
|
| Bottom of the 6th over - 0 runs, 2 hits, 0 errors, 3 left on base; Roswell 1 - Houston 1 |
| TOP OF THE 7TH |
|
Roswell Invaders batting - Pitching for Houston Colt .45's : RHP Kuaika Anakala
|
|
Batting: LHB Andy Fischer
|
0-0: Called Strike 0-1: Ball 1-1: Foul Ball, location: 2F 1-2: Foul Ball, location: 2F 1-2: Strikes out swinging
|
|
Pitching: RHP Jason LaPage
|
|
|
Batting: RHB Hidemitsu Matsuno
|
0-0: Ball 1-0: Foul Ball, location: 2F 1-1: Swinging Strike 1-2: Strikes out looking
|
|
Batting: SHB Sandy Burke
|
0-0: Swinging Strike 0-1: Called Strike 0-2: Ball 1-2: Strikes out swinging
|
| Top of the 7th over - 0 runs, 0 hits, 0 errors, 0 left on base; Roswell 1 - Houston 1 |
| BOTTOM OF THE 7TH |
|
Houston Colt .45's batting - Pitching for Roswell Invaders : RHP Andy Darnell
|
|
Batting: RHB Jay Hussey
|
0-0: Ball 1-0: Ball 2-0: Called Strike 2-1: Ground out 6-3 (Groundball, 56, EV 76.2 MPH)
|
|
Batting: RHB Chris Jordan
|
0-0: Swinging Strike 0-1: Ball 1-1: Foul Ball, location: 2F 1-2: Ball 2-2: Ball 3-2: Base on Balls
|
|
Pitching: RHP Eddie Georges
|
|
|
Batting: LHB Gong Tow
|
0-0: Ball 1-0: Called Strike 1-1: Ball 2-1: Foul Ball, location: 2F 2-2: Ball 3-2: Strikes out swinging
|
|
Batting: LHB Vecdi Hodensack
|
0-0: Ball 1-0: Called Strike 1-1: SINGLE (Line Drive, 34D, EV 106.9 MPH) Chris Jordan to second
|
|
Batting: RHB Ralph Baltimore
|
0-0: Ball 1-0: Ball 2-0: Called Strike 2-1: Ball 3-1: Base on Balls Chris Jordan to third Vecdi Hodensack to second
|
|
Batting: RHB Devon Healy
|
0-0: Swinging Strike 0-1: Ball 1-1: Fielders Choice at 2nd, 5-4 (Groundball, 5, EV 86.2 MPH)
|
| Bottom of the 7th over - 0 runs, 1 hit, 0 errors, 3 left on base; Roswell 1 - Houston 1 |
| TOP OF THE 8TH |
|
Roswell Invaders batting - Pitching for Houston Colt .45's : RHP Jason LaPage
|
|
Batting: RHB Shinichi Miyamoto
|
0-0: Ball 1-0: Ground out 5-3 (Groundball, 6S, EV 82.5 MPH)
|
|
Batting: LHB Marshall Rives
|
0-0: Called Strike 0-1: Fly out, F3 (Popup, 34, EV 65.0 MPH)
|
|
Pinch Hitting: LHB Ivan Cortez
|
0-0: Called Strike 0-1: DOUBLE (Line Drive, 89D, EV 110.0 MPH)
|
|
Batting: RHB Juan Mejia
|
0-0: Foul Ball, location: 2F 0-1: Foul Ball, location: 2F 0-2: Foul Ball, location: 2F 0-2: Ball 1-2: Fly out, F9 (Flyball, 9S, EV 83.8 MPH)
|
| Top of the 8th over - 0 runs, 1 hit, 0 errors, 1 left on base; Roswell 1 - Houston 1 |
| BOTTOM OF THE 8TH |
|
Houston Colt .45's batting - Pitching for Roswell Invaders : RHP Eddie Georges
|
|
Now at 1B: Julio Zamora
|
|
|
Batting: RHB Doug Dark
|
0-0: Ball 1-0: Swinging Strike 1-1: Foul Ball, location: 2F 1-2: Strikes out swinging
|
|
Batting: RHB David Snyder
|
0-0: Called Strike 0-1: Called Strike 0-2: Foul Ball, location: 2F 0-2: Foul Ball, location: 2F 0-2: Ball 1-2: Strikes out swinging
|
|
Batting: LHB Casper Significant
|
0-0: Ball 1-0: Ball 2-0: Fly out, F8 (Flyball, 8RD, EV 88.8 MPH)
|
| Bottom of the 8th over - 0 runs, 0 hits, 0 errors, 0 left on base; Roswell 1 - Houston 1 |
| TOP OF THE 9TH |
|
Roswell Invaders batting - Pitching for Houston Colt .45's : RHP Jason LaPage
|
|
Batting: LHB Nick Walker
|
0-0: Called Strike 0-1: Called Strike 0-2: Ball 1-2: Ball 2-2: DOUBLE (Flyball, 7LM, EV 103.8 MPH)
|
|
Pitching: LHP Simeone Lulli
|
|
|
Pinch Hitting: LHB Andrew Moore
|
0-0: Ball 1-0: Called Strike 1-1: Ball 2-1: Swinging Strike 2-2: Foul Ball, location: 2F 2-2: Ball 3-2: Foul Ball, location: 2F 3-2: Fly out, F6 (Popup, 6, EV 58.8 MPH)
|
|
Pinch Hitting: LHB Josh Snyder
|
0-0: Ball 1-0: Swinging Strike 1-1: Called Strike 1-2: Strikes out swinging
|
|
Batting: RHB Hidemitsu Matsuno
|
0-0: Intentional Walk
|
|
Batting: SHB Sandy Burke
|
0-0: Called Strike 0-1: Ball 1-1: Fly out, F7 (Flyball, 7LS, EV 93.8 MPH)
|
| Top of the 9th over - 0 runs, 1 hit, 0 errors, 2 left on base; Roswell 1 - Houston 1 |
| BOTTOM OF THE 9TH |
|
Houston Colt .45's batting - Pitching for Roswell Invaders : RHP Eddie Georges
|
|
Now at SS: Benjie Alejandro
|
|
|
Now in LF: Matt Satterfield
|
|
|
Batting: RHB Jay Hussey
|
0-0: Swinging Strike 0-1: Swinging Strike 0-2: Hit by Pitch
|
|
Batting: RHB Fernan Tedeschi
|
0-0: Ball 1-0: Bunted foul 1-1: Sac Bunt to 2R - play at first, batter OUT! 2-3 Jay Hussey to second
|
|
Batting: LHB Gong Tow
|
0-0: Ball 1-0: SINGLE (Groundball, 4S, EV 68.8 MPH) (infield hit) Jay Hussey to third
|
|
Pitching: LHP John van Asten
|
|
|
Batting: LHB Vecdi Hodensack
|
0-0: Fielders Choice at home, 6-2 (Groundball, 6D, EV 101.9 MPH) Gong Tow to second
|
|
Batting: RHB Ralph Baltimore
|
0-0: Hit by Pitch Gong Tow to third Vecdi Hodensack to second
|
|
Batting: RHB Devon Healy
|
0-0: Called Strike 0-1: Foul Ball, location: 2F 0-2: Ball 1-2: Ball 2-2: SINGLE (Groundball, 6M, EV 101.9 MPH) Gong Tow scores
|
| Bottom of the 9th over - 1 run, 2 hits, 0 errors, 2 left on base; Roswell 1 - Houston 2 |
|